Map: Catalyst LE

Players

PiG - Winner!

  • Race: Protoss Protoss
  • League: Grandmaster
  • Spawn Location: 5:00

Grippe

  • Race: Zerg Zerg
  • League: Master
  • Spawn Location: 11:00

VOD

Have the link to the VOD?

Description

Time

  • Played on: July 11, 2018, 7:19 p.m.
  • Length: 17:09
Show
View Real Time Build Order
Export as new Build Order

PiG Protoss - Winner!

Build Orders: 1 Gate Expand, Archon Immortal, Zealot Archon, Archon Drop, Dark Templar Rush 

Get SALT Encoding   

  12  0:02  Probe  
  13  0:14  Probe  
  14  0:23  Pylon  
  14  0:27  Probe  
  15  0:39  Probe  
  15  0:42  Gateway  
  16  0:47  Probe  
  16  0:48  Assimilator  
  16  0:55  Probe  
  18  1:07  Probe  
  19  1:20  Probe  
  20  1:27  Nexus  
  20  1:39  Cybernetics Core  
  20  1:40  Probe  
  20  1:45  Assimilator  
  21  1:50  Pylon  
  21  1:54  Probe  
  22  2:06  Probe, Adept  
  25  2:15  Warp Gate  
  25  2:18  Probe  
  26  2:25  Twilight Council  
  26  2:30  Probe  
  26  2:32  Stalker  
  29  2:37  Probe  
  29  2:43  Probe  
  31  2:45  Probe  
  32  2:55  Probe  
  32  2:57  Robotics Facility  
  32  2:58  Probe  
  34  3:07  Probe  
  34  3:12  Probe  
  36  3:19  Probe  
  37  3:24  Probe  
  38  3:28  Adept  
  38  3:31  Probe  
  38  3:33  Dark Shrine  
  39  3:35  Gateway  
  39  3:37  Gateway  
  39  3:44  Gateway  
  39  3:45  Warp Prism  
  39  3:46  Probe  
  39  3:47  Probe  
  43  3:59  Probe  
  43  4:02  Probe  
  45  4:03  Pylon  
  45  4:07  Assimilator  
  45  4:10  Assimilator  
  45  4:11  Probe  
  45  4:14  Pylon  
  46  4:18  Pylon  
  46  4:21  Probe  
  47  4:26  Probe  
  46  4:31  Shield Battery  
  46  4:33  Probe  
  47  4:39  Probe  
  47  4:45  Dark Templar x3  
  50  4:50  Probe  
  55  4:54  Dark Templar  
  56  5:09  Probe  
  56  5:12  Probe  
  58  5:20  Archon x2, Pylon  
  58  5:22  Dark Templar x2  
  58  5:26  Probe  
  58  5:28  Dark Templar  
  65  5:35  Probe  
  66  5:47  Probe  
  66  5:48  Zealot  
  69  5:54  Charge  
  68  6:02  Probe  
  68  6:03  Zealot x2  
  71  6:11  Forge  
  71  6:17  Nexus, Immortal  
  71  6:18  Probe, Pylon  
  68  6:20  Pylon  
  70  6:33  Probe x2  
  70  6:36  Protoss Ground Weapons Level 1  
  70  6:37  Sentry  
  70  6:38  Zealot x2, Sentry, Shield Battery  
  80  6:43  Robotics Facility  
  80  6:44  Gateway  
  80  6:58  Probe x2  
  80  7:01  Gateway x2  
  82  7:02  Shield Battery  
  82  7:03  Immortal  
  86  7:10  Probe  
  86  7:11  Probe  
  86  7:12  Zealot x2  
  86  7:13  Zealot  
  93  7:23  Probe  
  93  7:28  Probe  
  95  7:35  Probe, Zealot  
  95  7:36  Dark Templar, Zealot  
  100  7:38  Dark Templar  
  100  7:40  Probe  
  100  7:42  Templar Archives, Immortal  
  107  7:48  Photon Cannon  
  107  7:51  Probe  
  107  7:52  Probe, Photon Cannon  
  107  7:54  Pylon  
  109  8:07  Psionic Storm  
  109  8:08  Assimilator  
  110  8:12  Probe  
  110  8:13  Probe x2, Assimilator  
  112  8:20  High Templar  
  112  8:21  High Templar  
  112  8:25  Probe  
  117  8:28  Photon Cannon x2  
  117  8:33  Shield Battery  
  117  8:36  Nexus  
  117  8:41  Protoss Ground Weapons Level 2  
  117  8:42  Pylon  
  117  8:43  Pylon  
  117  8:52  Archon  
  117  8:56  Pylon  
  117  9:00  Probe x2, Pylon, Assimilator  
  119  9:03  Assimilator  
  119  9:05  High Templar x3  
  119  9:07  Immortal  
  129  9:12  Dark Templar  
  129  9:17  Zealot x3  
  136  9:30  Immortal  
  134  9:46  Photon Cannon, Immortal  
  134  9:48  Photon Cannon, Zealot x5  
  134  9:49  Shield Battery  
  146  10:00  Pylon  
  146  10:05  Dark Templar x2  
  148  10:09  Immortal  
  148  10:11  Probe x2  
  154  10:16  Immortal  
  154  10:26  High Templar x3  
  154  10:27  High Templar  
  166  10:29  Zealot  
  158  10:36  Archon x2  
  158  10:37  Probe x2, Protoss Ground Armor Level 1  
  158  10:38  Blink  
  158  10:42  Forge  
  156  10:54  Observer  
  156  10:55  Observer  
  158  11:03  Protoss Shields Level 1  
  146  11:15  Immortal, Zealot x6  
  146  11:16  Immortal  
  164  11:30  High Templar  
  152  11:36  Robotics Facility  
  140  11:43  Gateway  
  140  11:45  Gateway  
  140  11:46  Gateway  
  110  11:48  Immortal, Dark Templar x2  
  110  11:51  High Templar  
  110  11:52  High Templar  
  110  11:54  Observer  
  118  11:58  Probe x3  
  118  11:59  Pylon  
  118  12:01  Pylon  
  114  12:02  Dark Templar  
  114  12:06  Immortal  
  114  12:07  High Templar  
  122  12:19  Nexus  
  122  12:22  Dark Templar  
  120  12:23  Protoss Ground Weapons Level 3  
  120  12:25  Immortal  
  124  12:30  High Templar x2  
  124  12:32  Zealot x2  
  124  12:34  Immortal  
  136  12:43  Protoss Ground Armor Level 2  
  136  12:45  Immortal  
  136  12:48  Assimilator  
  140  12:53  Assimilator  
  140  12:55  Archon  
  140  12:56  Pylon  
  140  12:57  High Templar x2  
  142  13:00  Zealot x4  
  150  13:06  Probe x2  
  150  13:07  Probe  
  153  13:14  Pylon  
  153  13:18  Archon  
  153  13:19  High Templar x2  
  157  13:24  Archon  
  157  13:30  Photon Cannon  
  157  13:31  Photon Cannon  
  157  13:32  Immortal  
  157  13:33  Shield Battery  
  159  13:34  Probe  
  159  13:36  Dark Templar  
  160  13:51  Immortal  
  145  14:05  Immortal, High Templar x3  
  149  14:11  Immortal  
  149  14:14  Zealot x7  
  165  14:26  Archon  
  165  14:30  Immortal  
  163  14:34  Archon x2  
  163  14:35  Zealot x6  
  163  14:36  Zealot  
  173  14:44  Observer  
  162  14:49  Stargate  
  162  14:50  Observer  
  158  14:58  Dark Templar  
  153  15:04  High Templar x4  
  153  15:05  Immortal  
  158  15:09  Nexus, Immortal  
  158  15:10  Dark Templar  
  158  15:12  Observer  
  163  15:21  Probe, Assimilator  
  164  15:25  Assimilator  
  162  15:30  High Templar x2  
  162  15:33  Observer, Nexus  
  167  15:45  Immortal  
  167  15:48  Immortal  
  167  16:18  Zealot x6  
  167  16:19  Zealot x4  
  167  17:01  Pylon  
  167  17:04  Pylon  
Show
View Real Time Build Order
Export as new Build Order

Grippe Zerg 

Build Orders: Hatch First, Lurkers 

Get SALT Encoding   

  12  0:00  Drone  
  13  0:12  Overlord  
  13  0:17  Drone  
  14  0:31  Drone x2  
  16  0:49  Hatchery  
  15  0:52  Drone  
  15  0:56  Drone  
  17  0:58  Drone  
  18  1:10  Extractor  
  17  1:15  Spawning Pool  
  17  1:17  Drone  
  17  1:21  Drone  
  18  1:28  Drone  
  20  1:40  Drone  
  20  1:49  Overlord  
  20  2:02  Queen x2  
  20  2:03  Zergling x2  
  20  2:05  Drone  
  26  2:11  Drone  
  26  2:13  Drone  
  26  2:14  Metabolic Boost  
  28  2:23  Zergling x4  
  30  2:36  Drone x2  
  32  2:39  Evolution Chamber  
  31  2:46  Drone, Hatchery  
  31  2:55  Overlord  
  31  3:03  Drone x2  
  33  3:12  Drone x3  
  35  3:13  Overlord  
  35  3:16  Drone x2  
  37  3:20  Zerg Melee Weapons Level 1  
  37  3:24  Spore Crawler  
  37  3:34  Drone x2, Overlord  
  37  3:39  Zergling x4  
  40  3:45  Overlord  
  40  3:46  Queen  
  42  3:49  Zergling x4  
  42  3:52  Overlord  
  44  4:00  Drone  
  44  4:01  Drone x2, Baneling Nest  
  46  4:08  Queen  
  48  4:17  Spore Crawler  
  47  4:18  Spore Crawler x2  
  47  4:20  Drone x3  
  47  4:32  Drone  
  47  4:33  Drone  
  47  4:38  Zergling x14  
  56  4:46  Spine Crawler  
  55  4:53  Zergling x10  
  57  5:12  Drone x10  
  65  5:15  Queen  
  65  5:20  Lair  
  67  5:23  Drone x5  
  72  5:34  Overlord  
  72  5:36  Spine Crawler  
  71  5:47  Overlord  
  70  5:50  Drone x3  
  70  5:52  Extractor  
  70  5:53  Overlord  
  70  5:54  Extractor  
  71  6:02  Zergling x14  
  74  6:07  Drone x2  
  56  6:22  Drone x2  
  56  6:23  Drone  
  56  6:26  Queen x2  
  56  6:29  Drone x3  
  63  6:33  Zerg Melee Weapons Level 2  
  63  6:39  Drone x3, Hydralisk Den  
  65  6:45  Drone  
  65  6:46  Drone  
  67  6:53  Drone  
  65  6:56  Drone x2  
  65  7:00  Drone  
  67  7:11  Drone x5  
  71  7:19  Drone x5  
  71  7:21  Muscular Augments  
  76  7:23  Extractor  
  76  7:27  Extractor  
  76  7:28  Extractor  
  73  7:31  Overlord  
  73  7:32  Drone x6  
  73  7:33  Drone  
  73  7:37  Centrifical Hooks  
  79  7:39  Hatchery  
  79  7:43  Drone x3  
  81  7:48  Overseer  
  81  7:52  Zergling x18  
  81  7:56  Overseer  
  90  8:11  Hydralisk x4  
  98  8:15  Drone x2  
  98  8:16  Drone  
  98  8:17  Drone  
  98  8:18  Drone  
  103  8:29  Hydralisk  
  103  8:31  Overlord x8  
  105  8:42  Grooved Spines  
  105  8:43  Overlord  
  105  8:51  Hydralisk  
  105  8:52  Hydralisk x8  
  123  8:57  Drone  
  123  8:58  Drone x5  
  129  9:03  Drone x2  
  129  9:09  Zerg Missile Weapons Level 1  
  131  9:11  Drone  
  131  9:12  Drone x4  
  131  9:36  Zergling x2  
  131  9:37  Zergling x24  
  144  9:42  Drone x3  
  147  9:47  Hydralisk x6  
  158  9:58  Lurker Den  
  157  10:04  Baneling x3  
  157  10:09  Extractor  
  157  10:10  Extractor, Baneling x7  
  157  10:11  Baneling x17  
  157  10:13  Zergling x2  
  157  10:14  Zergling x24, Hatchery  
  163  10:25  Zergling x16  
  169  10:46  Spire  
  123  11:08  Zergling x22  
  123  11:09  Zergling x18  
  127  11:21  Overseer  
  127  11:25  Drone x7  
  114  11:43  Zergling x10  
  114  11:44  Zergling x16  
  116  11:51  Drone x2  
  116  11:53  Drone x2, Queen  
  119  11:58  Hatchery  
  114  12:03  Zerg Missile Weapons Level 2  
  114  12:04  Infestation Pit  
  114  12:06  Lurker  
  114  12:07  Lurker x10  
  124  12:09  Drone  
  124  12:10  Drone x13  
  138  12:24  Overseer  
  138  12:27  Drone x3  
  138  12:28  Drone x2  
  138  12:29  Drone x3  
  146  12:59  Hatchery  
  146  13:00  Hydralisk x7, Overlord  
  146  13:01  Hydralisk x6  
  171  13:13  Hive  
  171  13:14  Overlord x2  
  171  13:15  Drone  
  171  13:16  Drone x2  
  171  13:17  Drone  
  175  13:23  Baneling  
  175  13:24  Hydralisk x2  
  179  13:27  Overseer  
  179  13:28  Spine Crawler  
  177  13:43  Spine Crawler  
  173  13:55  Baneling  
  173  13:56  Baneling x12  
  160  14:05  Zergling x14  
  160  14:06  Zergling x26  
  180  14:16  Hydralisk x4  
  136  14:40  Hydralisk x12  
  144  14:59  Hydralisk  
  141  15:00  Hydralisk x7  
  141  15:05  Overseer  
  157  15:16  Hatchery  
  153  15:25  Overseer  
  153  15:30  Hydralisk x5  
  163  15:42  Hydralisk  
  163  15:43  Hydralisk x3  
  171  15:59  Hydralisk x4  
Tags
 
Add a new tag
Caveats
  • Supply blocks, unpowered buildings, or Contaminate may cause inaccurate times.
  • Supply counts are checked every 10 seconds.